Map: Automaton LE

Players

TiPtOP - Winner!

  • Race: Terran Terran
  • League: Silver
  • Spawn Location: 3:00

iiiiiiiiiii

  • Race: Terran Terran
  • League: Silver
  • Spawn Location: 9:00

VOD

Have the link to the VOD?

Description

Time

  • Played on: May 12, 2019, 8:02 p.m.
  • Length: 44:13
Show
View Real Time Build Order
Export as new Build Order

TiPtOP Terran - Winner!

Build Orders:  

Get SALT Encoding   

  12  0:01  SCV  
  13  0:13  SCV  
  14  0:19  Supply Depot  
  14  0:25  SCV  
  15  0:42  Barracks  
  15  0:43  SCV  
  16  0:55  SCV  
  17  1:00  Refinery  
  17  1:08  SCV  
  18  1:20  SCV  
  19  1:32  Marine, Barracks  
  19  1:35  Orbital Command  
  20  1:59  Command Center  
  20  2:04  Barracks Reactor  
  20  2:15  SCV, Supply Depot  
  21  2:21  Marine  
  21  2:38  Marine  
  21  2:40  Marine  
  21  2:41  Marine  
  24  3:02  Barracks Tech Lab  
  24  3:03  Marine x2  
  26  3:12  SCV x2  
  28  3:26  Stimpack  
  28  3:31  Marine x2  
  28  3:32  Marine  
  31  3:39  Barracks  
  31  3:49  Marine  
  32  4:01  Marine x2  
  34  4:04  SCV  
  34  4:07  Marine  
  34  4:09  SCV  
  37  4:16  SCV  
  38  4:17  Factory  
  38  4:19  Marine x2  
  38  4:21  SCV  
  41  4:25  Marine  
  41  4:27  Barracks Reactor  
  42  4:37  Supply Depot  
  42  4:40  Supply Depot  
  42  4:44  Marine x2  
  42  4:45  Marine  
  45  4:46  Supply Depot  
  45  4:55  Engineering Bay  
  45  4:57  SCV  
  45  4:59  Refinery  
  46  5:00  SCV  
  46  5:02  Marine  
  48  5:08  Supply Depot  
  48  5:09  SCV  
  48  5:12  SCV  
  50  5:17  Marine x3  
  50  5:18  Marine  
  50  5:20  Marine  
  55  5:26  Factory Reactor  
  55  5:29  Starport  
  55  5:30  Terran Infantry Weapons Level 1  
  55  5:31  Combat Shield  
  55  5:35  Marine x3  
  57  5:36  Marine  
  59  5:46  Missile Turret  
  59  6:03  SCV, Supply Depot  
  60  6:15  SCV  
  60  6:17  Marine x5  
  66  6:19  Factory Tech Lab  
  66  6:34  Marine  
  66  6:37  Marine x4  
  71  6:42  Supply Depot  
  71  6:52  Marine  
  66  7:08  Viking x2  
  60  7:43  Marine x2  
  60  7:44  Marine x3  
  61  7:47  Siege Tank  
  66  7:57  Missile Turret, Terran Infantry Armor Level 1  
  66  8:01  Marine x3  
  66  8:02  Supply Depot  
  69  8:06  Orbital Command  
  69  8:08  SCV  
  69  8:10  Medivac x2  
  74  8:18  Missile Turret  
  74  8:19  Siege Tank  
  77  8:20  SCV  
  78  8:40  Missile Turret  
  78  8:44  Marine x2  
  78  8:45  Marine x3  
  83  8:49  Viking  
  83  8:50  Viking  
  87  9:01  Missile Turret  
  87  9:02  Marine  
  88  9:05  Widow Mine  
  90  9:27  Widow Mine  
  92  9:42  Command Center, Marine x5  
  97  9:59  Marine  
  97  10:00  Marine x4  
  102  10:53  SCV x2, Marine x5  
  109  11:05  SCV  
  109  11:11  Marine x2  
  110  11:15  Medivac x2  
  116  11:21  Supply Depot  
  116  11:27  SCV  
  117  11:42  SCV x2  
  117  11:44  Supply Depot  
  117  11:45  Siege Tank  
  122  11:54  SCV x2  
  124  12:07  Supply Depot  
  124  12:17  Siege Tank  
  124  12:18  Missile Turret  
  124  12:20  Missile Turret  
  127  12:25  Refinery  
  127  12:26  Missile Turret  
  127  12:31  Missile Turret, Supply Depot  
  127  12:44  Marine x2  
  127  12:45  Marine x3  
  127  12:49  Siege Tank  
  135  12:51  Medivac x2  
  139  13:02  Marine x3  
  142  13:21  Viking x2  
  142  13:22  Siege Tank  
  139  13:54  Marine x3  
  139  13:55  Marine x2  
  129  14:38  Armory  
  129  14:40  Siege Tank  
  129  14:44  Marine  
  129  14:45  Marine x4  
  137  15:02  Marine x3  
  137  15:03  Marine x2  
  139  15:20  Marine x2  
  128  15:35  Marine x3  
  128  15:38  Marine x2  
  133  15:50  Command Center  
  133  15:53  Marine x2  
  135  15:57  Starport  
  135  16:02  Fusion Core  
  135  16:06  Supply Depot  
  135  16:13  Missile Turret  
  135  16:14  SCV  
  136  16:21  Missile Turret, Marine  
  136  16:22  Marine x4  
  141  16:26  SCV  
  141  16:29  Supply Depot  
  142  16:33  Missile Turret  
  142  16:35  Starport  
  142  16:39  Marine x3  
  145  16:47  SCV  
  145  16:49  Missile Turret  
  145  16:51  Supply Depot  
  146  16:59  SCV  
  146  17:11  Missile Turret  
  146  17:12  SCV  
  146  17:14  Supply Depot  
  147  17:36  Supply Depot  
  147  17:37  Missile Turret  
  147  17:47  Supply Depot  
  147  17:54  Medivac  
  147  17:57  Medivac  
  151  18:09  Supply Depot  
  151  18:31  Supply Depot  
  151  18:44  Starport Tech Lab  
  151  18:45  Starport Tech Lab  
  151  18:53  SCV  
  151  18:54  Supply Depot  
  152  19:05  SCV  
  162  19:10  Medivac x2  
  157  19:18  Battlecruiser x2  
  157  19:22  Liberator  
  155  19:39  Medivac  
  160  19:52  Liberator  
  121  20:13  Marine x4  
  121  20:14  Marine  
  128  20:31  Marine x5  
  133  20:37  Refinery  
  133  20:38  SCV  
  133  20:39  Refinery  
  134  20:49  Marine x5  
  139  20:51  SCV  
  140  21:01  Command Center  
  140  21:03  Missile Turret, SCV  
  141  21:06  Marine  
  141  21:07  Marine x3  
  145  21:15  SCV  
  145  21:24  Battlecruiser, Missile Turret  
  151  21:43  SCV x3  
  151  21:45  Bunker  
  154  21:55  SCV x2  
  154  22:14  SCV  
  155  22:16  Refinery  
  155  22:27  SCV  
  156  22:42  Refinery  
  156  22:48  Refinery  
  156  22:53  Marine x5  
  161  23:00  Battlecruiser x2  
  173  23:11  Terran Ship Weapons Level 1, Marine x2  
  175  23:33  Armory  
  175  23:41  Weapon Refit  
  175  24:10  Missile Turret  
  175  24:33  Sensor Tower  
  173  25:02  Sensor Tower  
  143  25:15  Marine x3  
  143  25:16  Marine x2  
  148  25:33  Marine  
  149  25:43  Terran Vehicle And Ship Armor Level 1  
  149  25:47  Terran Ship Weapons Level 2  
  149  25:53  Battlecruiser x2  
  131  27:49  Battlecruiser x2  
  143  28:20  Marine x5  
  148  28:38  Marine x5  
  148  28:39  Terran Vehicle And Ship Armor Level 2  
  153  28:53  Battlecruiser x2  
  165  28:55  Marine  
  165  28:56  Marine  
  167  29:03  Hi-Sec Auto Tracking  
  161  29:28  Viking x2  
  165  29:36  Terran Ship Weapons Level 3  
  165  29:47  Missile Turret  
  165  29:57  Battlecruiser  
  165  29:58  Battlecruiser  
  137  32:09  Battlecruiser x2  
  143  32:58  Command Center  
  143  33:08  Terran Vehicle And Ship Armor Level 3  
  143  33:14  Battlecruiser x2  
  155  34:01  Refinery x2  
  154  34:18  Battlecruiser x2  
  149  34:59  Marine x5  
  154  35:17  Marine x5  
  159  35:22  Battlecruiser x2  
  171  35:34  Marine  
  171  35:35  Marine x4  
  164  36:17  Missile Turret  
  164  36:26  Battlecruiser x2  
  176  36:37  Missile Turret  
  176  36:58  Missile Turret  
  176  37:02  Missile Turret  
  176  37:20  Missile Turret  
  176  37:23  Missile Turret  
  169  37:41  Missile Turret  
  169  37:43  Battlecruiser, Missile Turret  
  166  38:04  Missile Turret  
  166  38:07  Missile Turret  
  166  38:10  Viking x2  
  166  38:11  Marine x3  
  166  38:12  Marine x2  
  175  38:17  Battlecruiser  
  181  38:25  Missile Turret  
  181  38:32  Missile Turret  
  181  38:40  Viking x2  
  185  38:47  Battlecruiser, Missile Turret  
  191  38:52  Missile Turret x2  
  189  39:07  Missile Turret  
  189  39:10  Viking x2  
  189  39:13  Missile Turret  
  189  39:14  Missile Turret  
  193  39:21  Battlecruiser  
  187  39:26  Missile Turret  
  184  39:37  Missile Turret  
  184  39:38  Missile Turret  
  184  39:45  Viking x2  
  184  39:51  Battlecruiser  
  194  40:01  Missile Turret x2  
  194  40:15  Viking x2  
  198  40:23  Command Center  
  176  41:51  Battlecruiser x2  
  188  42:11  Refinery  
  176  42:55  Battlecruiser x2  
Show
View Real Time Build Order
Export as new Build Order

iiiiiiiiiii Terran 

Build Orders:  

Get SALT Encoding   

  12  0:01  SCV  
  13  0:18  SCV, Supply Depot  
  14  0:31  Refinery  
  14  0:32  SCV  
  15  0:44  Barracks  
  15  0:48  SCV  
  16  1:03  SCV  
  17  1:04  Supply Depot  
  17  1:10  Refinery  
  17  1:15  SCV  
  18  1:27  SCV  
  19  1:37  Reaper  
  19  1:39  SCV  
  21  1:53  SCV  
  22  2:01  Factory  
  22  2:05  SCV  
  23  2:22  Reaper  
  24  2:28  SCV  
  25  2:41  Command Center  
  25  2:49  Starport  
  25  3:00  Factory Tech Lab  
  25  3:06  SCV  
  25  3:11  Supply Depot  
  26  3:18  Marine  
  27  3:26  Orbital Command  
  27  3:28  Starport Tech Lab  
  27  3:33  Fusion Core  
  26  4:12  Siege Tank  
  29  4:25  Battlecruiser  
  29  4:28  Engineering Bay, Marine  
  36  4:32  Barracks  
  36  4:38  SCV  
  37  4:43  Supply Depot  
  37  4:51  Cloaking Field  
  37  4:58  Marine  
  38  5:03  Orbital Command  
  38  5:07  Missile Turret  
  38  5:10  SCV  
  39  5:22  SCV  
  39  5:27  Sensor Tower  
  40  5:33  Refinery  
  40  5:34  SCV  
  41  5:58  SCV x2  
  41  6:01  Supply Depot  
  43  6:04  Terran Infantry Weapons Level 1  
  43  6:08  Armory  
  43  6:11  Medivac  
  45  6:19  SCV x2  
  47  6:31  SCV  
  47  6:32  SCV  
  49  6:34  Refinery  
  49  6:38  Missile Turret  
  49  6:42  Marine x2  
  49  6:43  Sensor Tower  
  51  6:48  Barracks  
  51  6:59  Marine  
  51  7:00  Marine  
  53  7:17  Marine  
  54  7:43  SCV x2  
  56  7:45  Viking  
  56  7:49  Marine x2  
  60  7:57  Bunker  
  60  7:58  Barracks, Barracks Tech Lab  
  60  8:01  Terran Infantry Weapons Level 2  
  60  8:05  Terran Vehicle Weapons Level 1  
  60  8:07  Engineering Bay, Thor, Marine  
  60  8:09  Marine  
  68  8:23  SCV x2  
  70  8:29  Command Center  
  70  8:31  Ghost Academy  
  70  8:39  Supply Depot  
  70  8:41  Supply Depot  
  70  8:44  Supply Depot  
  70  8:50  SCV x2, Marine  
  70  8:55  Stimpack  
  73  8:57  Terran Infantry Armor Level 1  
  73  9:02  SCV x2  
  75  9:06  Personal Cloaking  
  75  9:14  SCV x2  
  77  9:19  Missile Turret  
  77  9:21  Marine  
  77  9:22  Marine  
  77  9:23  Factory  
  79  9:26  Barracks Tech Lab  
  78  9:40  Siege Tank  
  78  9:42  Bunker  
  78  9:44  Missile Turret  
  81  9:46  Marine x4  
  81  9:48  Orbital Command  
  85  9:57  Concussive Shells  
  85  10:02  Medivac  
  85  10:03  Marine  
  85  10:04  Marine x3  
  91  10:12  Siege Tank  
  94  10:15  Factory Tech Lab  
  94  10:21  Marine  
  95  10:31  Nuke  
  95  10:35  Siege Tank  
  98  10:42  Marine x3  
  99  10:43  Marine  
  99  10:44  Siege Tank, Medivac  
  107  11:00  Marine  
  108  11:09  Orbital Command  
  108  11:14  Siege Tank  
  108  11:15  Marine x3  
  108  11:16  Medivac  
  108  11:18  Marine  
  117  11:25  Barracks  
  117  11:31  Terran Infantry Weapons Level 3, Terran Infantry Armor Level 2  
  117  11:36  Starport  
  117  11:51  SCV x3, Supply Depot  
  120  12:13  Marine x4  
  124  12:22  Refinery  
  124  12:23  Refinery, SCV x3  
  127  12:31  Marine  
  127  12:35  SCV  
  129  12:43  SCV x2  
  131  12:44  Banshee  
  131  12:45  Bunker x2  
  131  12:46  Bunker  
  131  12:49  Bunker  
  131  12:50  Marine x4  
  138  12:52  Marine  
  138  12:56  Starport Tech Lab  
  139  13:07  Marine x3  
  139  13:08  Marine  
  139  13:12  Missile Turret  
  118  13:51  SCV x3  
  118  13:53  Missile Turret  
  121  13:58  Sensor Tower  
  121  13:59  Barracks Tech Lab  
  121  14:02  Missile Turret  
  121  14:03  SCV x3  
  121  14:07  Missile Turret  
  121  14:09  Barracks Tech Lab  
  124  14:12  Barracks Tech Lab  
  124  14:15  Missile Turret  
  124  14:22  Fusion Core  
  124  14:25  Banshee x2  
  124  14:28  Marine x4  
  134  14:45  Marine  
  134  14:46  Marine  
  134  14:52  Missile Turret  
  136  15:02  Marine x2  
  136  15:03  Marine x3  
  136  15:04  Missile Turret  
  141  15:08  Banshee  
  144  15:20  Marine x2  
  143  15:37  Viking  
  145  15:43  Supply Depot  
  145  15:51  Viking, Command Center  
  147  16:07  Battlecruiser, Missile Turret  
  153  16:36  Marine x4  
  153  16:38  Terran Vehicle Weapons Level 2  
  157  16:44  Supply Depot  
  157  16:46  Supply Depot x2  
  157  16:50  Marine  
  157  16:53  Marine  
  156  17:02  Battlecruiser, Siege Tank x2  
  163  17:55  Banshee  
  166  18:01  Starport  
  166  18:06  Banshee  
  169  18:35  Marine x3  
  169  18:36  Marine x2  
  174  18:53  Marine x2  
  174  18:55  Terran Vehicle And Ship Armor Level 1  
  176  19:03  Marine x2  
  176  19:04  Marine  
  179  19:11  Marine x2  
  165  20:25  Planetary Fortress  
  165  20:27  SCV x3  
  168  20:39  SCV  
  168  20:40  Marine x5  
  174  20:46  Barracks  
  174  20:51  Refinery  
  174  20:57  Marine  
  174  20:58  Marine  
  174  21:01  Sensor Tower  
  176  21:04  Weapon Refit  
  176  21:13  Missile Turret  
  176  21:14  Missile Turret  
  176  21:15  Missile Turret  
  176  21:16  Missile Turret  
  176  21:24  Missile Turret  
  176  21:26  Refinery  
  176  21:36  Missile Turret x2  
  176  21:40  Missile Turret  
  176  21:44  Missile Turret  
  176  21:46  Missile Turret  
  176  21:48  Missile Turret  
  176  22:16  Infernal Pre-Igniter  
  176  22:18  Combat Shield  
  176  22:30  Medivac x2  
  180  22:44  Missile Turret  
  180  22:45  Missile Turret  
  180  22:46  Missile Turret  
  180  22:53  Marine x4  
  180  22:54  Marine  
  185  22:59  Command Center  
  185  23:00  Refinery  
  185  23:01  Battlecruiser x2  
  197  23:11  Marine x3  
  200  23:20  Missile Turret  
  200  23:23  Missile Turret  
  200  23:26  Refinery  
  200  23:29  Barracks  
  200  23:31  Starport  
  200  23:34  Mag-Field Accelerator  
  200  23:35  Fusion Core  
  200  23:47  Missile Turret  
  200  23:51  Missile Turret  
  200  23:53  Missile Turret x2  
  200  23:56  Missile Turret  
  200  23:57  Missile Turret  
  200  24:02  Missile Turret  
  200  24:41  Missile Turret  
  200  24:47  Sensor Tower, Missile Turret  
  187  25:14  Drilling Claws  
  187  25:19  Planetary Fortress  
  187  25:20  SCV x4  
  195  25:29  Ghost  
  195  25:30  Ghost x4  
  200  25:39  Ghost Academy  
  200  25:44  Sensor Tower  
  200  25:49  Corvid Reactor  
  200  25:55  Hyperflight Rotors  
  200  25:57  Starport Tech Lab  
  200  26:10  Orbital Command  
  200  26:33  Smart Servos  
  138  27:33  Marine x3  
  138  27:34  Marine x3  
  128  27:44  Missile Turret  
  128  27:45  Missile Turret  
  128  27:48  Missile Turret  
  126  27:51  Marine x3  
  126  27:57  Missile Turret  
  129  28:05  Marine x3  
  132  28:09  Marine x3, Medivac x2  
  132  28:10  Medivac  
  141  28:22  Missile Turret, Marine  
  141  28:23  Missile Turret, Marine x2  
  141  28:27  Marine x3  
  147  28:40  Marine x2  
  147  28:41  Marine  
  150  28:44  Marine  
  151  28:58  Missile Turret, Marine x2  
  151  28:59  Marine x3  
  151  29:01  Missile Turret  
  156  29:05  Command Center  
  156  29:18  Marine  
  156  29:19  Marine x5  
  162  29:24  Battlecruiser x3  
  162  29:30  Missile Turret  
  180  29:31  Missile Turret  
  180  29:36  Marine x2  
  182  29:39  Refinery  
  182  29:42  Command Center  
  182  29:46  Ghost x4  
  190  29:54  Missile Turret  
  190  29:58  Refinery  
  190  29:59  Missile Turret x2  
  190  30:02  Missile Turret  
  190  30:08  Missile Turret  
  190  30:14  Ghost  
  190  30:15  Missile Turret  
  190  30:19  Missile Turret  
  192  30:21  Missile Turret  
  192  30:26  Barracks Tech Lab  
  192  30:28  Battlecruiser  
  192  30:34  Marine  
  192  30:35  Marine  
  191  31:25  Marine  
  191  31:26  Marine x5  
  172  31:43  Marine x2  
  172  31:44  Marine  
  172  31:45  Marine x3  
  143  32:01  Marine x3  
  143  32:03  Marine x3  
  149  32:17  Battlecruiser x3  
  149  32:19  Marine x3  
  149  32:21  Marine x3  
  173  32:27  Missile Turret, Barracks  
  173  32:29  Missile Turret  
  173  32:36  Thor x2  
  173  32:37  Marine x3  
  185  32:39  Marine x3  
  191  32:49  Barracks  
  187  32:54  Marine  
  187  32:55  Planetary Fortress, Marine x2  
  187  32:56  Marine x2  
  188  32:59  Missile Turret  
  188  33:10  Planetary Fortress  
  188  33:16  Sensor Tower  
  188  33:23  Sensor Tower  
  188  33:33  Orbital Command  
  188  33:47  Marine x6  
  194  33:50  Marine  
  195  34:04  Marine  
  195  34:05  Marine x4  
  196  34:22  Marine  
  178  34:32  Missile Turret  
  178  34:37  Missile Turret  
  178  34:39  Marine x5  
  178  34:40  Marine x2  
  178  34:41  Medivac  
  178  34:42  Medivac  
  189  34:57  Marine x2  
  191  35:05  Refinery  
  191  35:10  Missile Turret  
  191  35:11  Refinery  
  191  35:12  Refinery  
  191  35:26  Missile Turret  
  191  35:33  Missile Turret  
  190  35:46  Missile Turret  
  190  36:04  Missile Turret  
  190  36:23  Command Center  
  190  36:25  Battlecruiser  
  196  36:39  Missile Turret  
  196  36:44  Sensor Tower  
  196  37:00  Missile Turret  
  192  37:46  Battlecruiser  
  198  38:08  Missile Turret  
  198  38:13  Missile Turret  
  198  38:17  Missile Turret  
  198  38:30  Missile Turret  
  198  39:00  Missile Turret  
  198  39:05  Missile Turret  
  198  39:16  Planetary Fortress  
  171  39:27  Missile Turret  
  171  39:28  Missile Turret  
  171  39:30  Battlecruiser  
  171  39:31  Battlecruiser x2  
  183  39:44  Missile Turret  
  183  39:49  Missile Turret  
  183  39:55  Marine x2  
  183  39:56  Missile Turret, Marine x5  
  190  40:02  Missile Turret  
  190  40:03  Missile Turret  
  190  40:04  Missile Turret  
  190  40:05  Missile Turret  
  190  40:12  Supply Depot x2  
  190  40:13  Marine x3  
  190  40:14  Marine x4  
  194  40:16  Marine  
  194  40:17  Barracks  
  198  40:31  Marine x2  
  149  41:56  Battlecruiser x3  
  167  42:06  Missile Turret  
  112  42:38  Missile Turret  
  112  42:39  Missile Turret  
  91  42:56  Starport  
  91  42:58  Starport x2  
  91  43:00  Battlecruiser  
  97  43:07  Missile Turret x2  
  97  43:09  Battlecruiser x2, Missile Turret  
  97  43:10  Missile Turret  
Tags
 
Add a new tag
Caveats
  • Supply blocks, unpowered buildings, or Contaminate may cause inaccurate times.
  • Supply counts are checked every 10 seconds.